Sewer Rats vs Remparts
(R1)
Created - 30 novembre 2016 at 23:11
Goals
|
| Sewer Rats |
1 |
0 |
4 |
5 |
| Remparts |
0 |
2 |
0 |
2 |
|
Shots
|
| Sewer Rats |
6 |
10 |
15 |
31 |
| Remparts |
5 |
13 |
10 |
28 |
|
1st period
1. Sewer Rats , Vojtech Polak 8 (Mark Mancari, Steven Kampfer) at 10:02
Penalties :
Kyle Quincey (Tol) for Interference (Minor) at 6:20, Dale Weise (Que) for Interference (Minor) at 15:46
2nd period
2. Remparts , Guillaume Desbiens 9 (Pasi Salonen, Ty Wishart) at 5:26
3. Remparts , Jonathan Matsumoto 12 (Daniel Paille) at 9:27 (PP)
Penalties :
Daniel Carr (Tol) for Roughing (Minor) at 2:13, Jonathan Matsumoto (Que) for Hooking (Minor) at 5:41, Dmitrij Jaskin (Tol) for Kneeing (Minor) at 9:24, Keith Ballard (Que) for Hooking (Minor) at 10:39, Daniel Paille (Que) for Hooking (Minor) at 13:42, Jonathan Marchessault (Tol) for Tripping (Minor) at 18:34
3rd period
4. Sewer Rats , Vojtech Polak 9 (Jared Boll, Jonathan Marchessault) at 1:11
5. Sewer Rats , Ville Leino 11 (Jared Boll, Vincent Trocheck) at 4:27
6. Sewer Rats , Jared Boll 10 (Ville Leino, Vincent Trocheck) at 6:43
7. Sewer Rats , Mark Mancari 9 (Vojtech Polak, Patrick Bordeleau) at 16:34
Penalties :
Mattias Ekholm (Tol) for Hooking (Minor) at 7:27, Erik Gudbranson (Que) for Hooking (Minor) at 12:45
Goalie Stats
Brad Thiessen (Tol), 26 saves from 28 shots - (0,929), W, 3-2-0, 60:00 minutes
Keith Kinkaid (Que), 26 saves from 31 shots - (0,839), L, 8-1-2, 60:00 minutes
Players Stats for Sewer Rats
Player Name G A P +/- PIM S H SB GA TA FO MP PP MP PK MP
------------------------------------------------------------------------------------
Daniel Carr 0 0 0 0 2 2 0 1 0 0 0/0 7:29 0:02 0:25
Derek Dorsett 0 0 0 0 0 2 0 0 0 1 0/1 12:38 0:00 0:00
Dmitrij Jaskin 0 0 0 0 2 0 0 0 0 0 0/1 6:50 0:00 0:00
Evan Brophey 0 0 0 0 0 1 0 0 0 0 0/3 6:51 0:00 0:00
Jared Boll 1 2 3 2 0 3 4 1 0 0 1/1 19:26 4:17 2:16
Jarred Tinordi 0 0 0 0 0 1 2 1 0 0 0/0 11:30 0:00 1:11
Joel Edmundson 0 0 0 0 0 1 0 0 0 0 0/0 7:02 0:00 0:33
John Lammers 0 0 0 0 0 0 0 0 0 0 0/0 0:26 0:00 0:26
John Ramage 0 0 0 0 0 1 0 0 0 0 0/0 7:42 0:00 0:00
Jonathan Marchessault 0 1 1 3 2 1 0 0 0 0 5/7 14:28 4:17 0:00
Josh Archibald 0 0 0 0 0 0 0 0 0 0 0/0 0:00 0:00 0:00
Kyle Quincey 0 0 0 1 2 0 1 2 2 0 0/0 18:08 3:54 2:58
Mark Mancari 1 1 2 2 0 6 2 0 3 0 1/1 20:04 5:36 4:45
Matt Lashoff 0 0 0 3 0 1 1 1 0 2 0/0 26:04 5:08 4:18
Mattias Ekholm 0 0 0 3 2 1 0 3 0 1 0/0 21:17 3:54 2:40
Nick Cousins 0 0 0 0 0 0 0 0 0 0 0/0 0:00 0:00 0:00
Patrick Bordeleau 0 1 1 0 0 1 2 0 1 0 1/1 12:38 0:00 0:00
Ryan Murphy 0 0 0 0 0 0 0 0 0 0 0/0 7:22 0:53 0:00
Steven Kampfer 0 1 1 1 0 1 0 0 2 0 0/0 20:53 6:01 4:18
Tom Sestito 0 0 0 0 0 0 0 0 0 0 0/0 0:18 0:17 0:00
Ville Leino 1 1 2 1 0 3 1 0 1 0 3/9 22:43 5:36 4:43
Vincent Trocheck 0 2 2 1 0 0 3 0 0 0 14/30 17:34 5:21 0:00
Vojtech Polak 2 1 3 3 0 3 2 0 1 0 1/1 16:48 4:19 2:16
William Karlsson 0 0 0 0 0 3 1 0 0 1 5/10 13:45 0:00 1:07
Players Stats for Remparts
Player Name G A P +/- PIM S H SB GA TA FO MP PP MP PK MP
------------------------------------------------------------------------------------
Brandon Gormley 0 0 0 -2 0 0 1 2 1 0 0/0 19:00 3:20 1:40
Cédric Lalonde-McNicoll 0 0 0 -3 0 1 1 0 1 2 9/19 18:57 3:29 5:17
Chris Mueller 0 0 0 0 0 1 0 0 0 0 3/3 6:22 0:00 0:00
Dale Weise 0 0 0 0 2 0 0 0 0 0 0/1 6:44 0:00 0:00
Daniel Paille 0 1 1 -1 2 1 1 2 1 0 0/2 23:38 4:18 4:03
Erik Gudbranson 0 0 0 -2 2 1 3 2 0 2 0/0 26:36 4:39 4:41
Guillaume Desbiens 1 0 1 -3 0 4 0 2 0 0 0/0 13:30 3:29 0:00
Janne Niskala 0 0 0 0 0 3 0 1 0 0 0/0 14:45 0:00 3:56
Johannes Salmonsson 0 0 0 0 0 2 1 0 0 2 0/0 11:17 0:12 4:17
Jonathan Cheechoo 0 0 0 0 0 0 1 1 0 0 0/0 12:33 0:09 2:36
Jonathan Matsumoto 1 0 1 -1 2 7 4 0 2 2 17/28 19:21 4:18 0:00
Keith Ballard 0 0 0 -2 2 2 0 1 0 1 0/0 26:48 4:39 4:49
Max Reinhart 0 0 0 0 0 1 0 1 0 1 3/8 13:23 0:12 2:42
Pasi Salonen 0 1 1 -3 0 0 1 4 0 0 0/1 15:03 3:29 0:55
Petr Straka 0 0 0 -1 0 3 1 0 0 0 2/3 19:28 4:21 0:00
Rico Fata 0 0 0 0 0 1 1 0 0 0 0/0 9:36 0:00 0:00
Ty Wishart 0 1 1 -2 0 0 0 0 0 0 0/0 18:33 3:20 1:03
William Colbert 0 0 0 0 0 1 1 2 0 0 0/0 14:26 0:00 3:41
3 Stars
1 - Vojtech Polak (Tol)
2 - Jared Boll (Tol)
3 - Mark Mancari (Tol)
Power Play
Sewer Rats - 0 on 5 Attempt(s) - 0,00%
Remparts - 1 on 5 Attempt(s) - 20,00%
Penalty Kill
Sewer Rats - 4 on 5 Attempt(s) - 80,00%
- Score 0 goal in Penalty Kill
Remparts - 5 on 5 Attempt(s) - 100,00%
- Score 0 goal in Penalty Kill
Team Stat
Sewer Rats - Hits : 19 - Faceoff Wins : 31 - Blocked Shots : 9 - Penalty Minutes : 10
Remparts - Hits : 16 - Faceoff Wins : 34 - Blocked Shots : 18 - Penalty Minutes : 10
Official
Referees : McCauley Wes and Martell Rob
Linesman : Jay Sharrers and Jonny Murray
Game Notes
No Game Note
Finance
Level 1 -- Attendance: 1587 (79,35%) -- Ticket Income 39 675 $
Level 2 -- Attendance: 694 (69,40%) -- Ticket Income 10 410 $
Total Attendance: 2281 (76,03%)
Total Ticket Income: 50 085 $
Other Income: 2 504 $
Total Income: 52 589 $
Sewer Rats
5 vs 5 Forward
Center Left Wing Right Wing Time % Phy DF OF
1 Vincent Trocheck Ville Leino Jared Boll 40 1 2 2
2 Jonathan Marchessault Vojtech Polak Mark Mancari 30 1 2 2
3 William Karlsson Patrick Bordeleau Derek Dorsett 20 1 2 2
4 Evan Brophey Daniel Carr Dmitrij Jaskin 10 1 2 2
5 vs 5 Defense
Defense Defense Time % Phy DF OF
1 Mattias Ekholm Matt Lashoff 40 1 2 2
2 Jarred Tinordi Kyle Quincey 30 1 2 2
3 Steven Kampfer John Ramage 20 1 2 2
4 Joel Edmundson Ryan Murphy 10 1 2 2
PowerPlay Forward
Center Left Wing Right Wing Time % Phy DF OF
1 Vincent Trocheck Ville Leino Mark Mancari 60 1 2 2
2 Jonathan Marchessault Vojtech Polak Jared Boll 40 1 2 2
PowerPlay Defense
Defense Defense Time % Phy DF OF
1 Steven Kampfer Matt Lashoff 60 1 2 2
2 Mattias Ekholm Kyle Quincey 40 1 2 2
Penalty Kill 4 Players Forward
Center Wing Time % Phy DF OF
1 Ville Leino Mark Mancari 60 1 2 2
2 Jared Boll Vojtech Polak 40 1 2 2
Penalty Kill 4 Players Defense
Defense Defense Time % Phy DF OF
1 Steven Kampfer Matt Lashoff 60 1 2 2
2 Mattias Ekholm Kyle Quincey 40 1 2 2
Penalty Kill - 3 Players Forward
Forward Time % Phy DF OF
1 Ville Leino 60 1 2 2
2 Mark Mancari 40 1 2 2
Penalty Kill - 3 Players Defense
Defense Defense Time % Phy DF OF
1 Steven Kampfer Matt Lashoff 60 1 2 2
2 Mattias Ekholm Kyle Quincey 40 1 2 2
4 vs 4 Forward
Center Wing Time % Phy DF OF
1 Ville Leino William Karlsson 60 1 2 2
2 Jared Boll Vojtech Polak 40 1 2 2
4 vs 4 Defense
Defense Defense Time % Phy DF OF
1 Steven Kampfer Matt Lashoff 60 1 2 2
2 Mattias Ekholm Kyle Quincey 40 1 2 2
Last Minutes Offensive
Center Left Wing Right Wing Defense Defense
Vincent Trocheck Ville Leino Mark Mancari Steven Kampfer Matt Lashoff
Last Minutes Defensive
Center Left Wing Right Wing Defense Defense
William Karlsson Ville Leino Jared Boll Mattias Ekholm Matt Lashoff
Goaltenders
Starting : Brad Thiessen
Backup : Richard Bachman
Extra Forwards
Normal : Tom Sestito, Daniel Carr, William Karlsson - PP : Tom Sestito, Daniel Carr - PK : William Karlsson
Extra Defensemen
Normal : Ryan Murphy, Steven Kampfer, Jarred Tinordi - PP : Ryan Murphy - PK : Steven Kampfer, Jarred Tinordi
Penalty Shots
Ville Leino, Mark Mancari, Jared Boll, Vojtech Polak, Derek Dorsett
Remparts
5 vs 5 Forward
Center Left Wing Right Wing Time % Phy DF OF
1 Jonathan Matsumoto Daniel Paille Petr Straka 40 0 2 3
2 Cédric Lalonde-McNicoll Pasi Salonen Guillaume Desbiens 30 0 2 3
3 Max Reinhart Rico Fata Jonathan Cheechoo 20 0 3 2
4 Chris Mueller Johannes Salmonsson Dale Weise 10 1 2 2
5 vs 5 Defense
Defense Defense Time % Phy DF OF
1 Erik Gudbranson Keith Ballard 40 0 2 3
2 Brandon Gormley Ty Wishart 30 0 2 3
3 William Colbert Janne Niskala 20 1 2 2
4 Erik Gudbranson Keith Ballard 10 0 2 3
PowerPlay Forward
Center Left Wing Right Wing Time % Phy DF OF
1 Jonathan Matsumoto Daniel Paille Petr Straka 60 0 1 4
2 Cédric Lalonde-McNicoll Pasi Salonen Guillaume Desbiens 40 0 1 4
PowerPlay Defense
Defense Defense Time % Phy DF OF
1 Erik Gudbranson Keith Ballard 60 0 2 3
2 Brandon Gormley Ty Wishart 40 0 2 3
Penalty Kill 4 Players Forward
Center Wing Time % Phy DF OF
1 Cédric Lalonde-McNicoll Daniel Paille 60 1 4 0
2 Max Reinhart Johannes Salmonsson 40 1 4 0
Penalty Kill 4 Players Defense
Defense Defense Time % Phy DF OF
1 Erik Gudbranson Keith Ballard 60 1 4 0
2 Janne Niskala William Colbert 40 1 4 0
Penalty Kill - 3 Players Forward
Forward Time % Phy DF OF
1 Daniel Paille 60 1 4 0
2 Max Reinhart 40 1 4 0
Penalty Kill - 3 Players Defense
Defense Defense Time % Phy DF OF
1 Erik Gudbranson Keith Ballard 60 1 4 0
2 Janne Niskala William Colbert 40 1 4 0
4 vs 4 Forward
Center Wing Time % Phy DF OF
1 Jonathan Matsumoto Daniel Paille 60 0 2 3
2 Cédric Lalonde-McNicoll Guillaume Desbiens 40 1 2 2
4 vs 4 Defense
Defense Defense Time % Phy DF OF
1 Erik Gudbranson Keith Ballard 60 0 2 3
2 Brandon Gormley Ty Wishart 40 1 2 2
Last Minutes Offensive
Center Left Wing Right Wing Defense Defense
Jonathan Matsumoto Daniel Paille Petr Straka Erik Gudbranson Keith Ballard
Last Minutes Defensive
Center Left Wing Right Wing Defense Defense
Max Reinhart Daniel Paille Jonathan Cheechoo Erik Gudbranson Keith Ballard
Goaltenders
Starting : Keith Kinkaid
Backup : Petr Mrazek
Extra Forwards
Normal : Pasi Salonen, Daniel Paille, Petr Straka - PP : Petr Straka, Daniel Paille - PK : Jonathan Cheechoo
Extra Defensemen
Normal : Brandon Gormley, Erik Gudbranson, Ty Wishart - PP : Ty Wishart - PK : Brandon Gormley, Ty Wishart
Penalty Shots
Pasi Salonen, Cédric Lalonde-McNicoll, Jonathan Cheechoo, Rico Fata, Jonathan Matsumoto
% Time on Ice - Sewer Rats
Lines # - Real PCT - Wanted PCT - Time Play
Normal Forward
1 - 29% - 40% - 12:24
2 - 24% - 30% - 10:13
3 - 30% - 20% - 12:38
4 - 16% - 10% - 6:51
Normal Defense
1 - 40% - 40% - 16:38
2 - 27% - 30% - 11:17
3 - 18% - 20% - 7:42
4 - 15% - 10% - 6:29
PP Forward
1 - 56% - 60% - 5:36
2 - 44% - 40% - 4:19
PP Defense
1 - 61% - 60% - 6:01
2 - 39% - 40% - 3:54
PK Forward
1 - 72% - 60% - 5:43
2 - 28% - 40% - 2:16
PK Defense
1 - 54% - 60% - 4:18
2 - 46% - 40% - 3:41
PK3 Forward
1 - 0% - 60%
2 - 0% - 40%
PK3 Defense
1 - 0% - 60%
2 - 0% - 40%
44 Forward
1 - 0% - 60%
2 - 0% - 40%
44 Defense
1 - 0% - 60%
2 - 0% - 40%
Last Minute Offensive - 0:00
Last Minute Defensive - 0:00
Total
Forward - 60:00
Defense - 60:00
|
% Time on Ice - Remparts
Lines # - Real PCT - Wanted PCT - Time Play
Normal Forward
1 - 38% - 40% - 16:07
2 - 24% - 30% - 10:01
3 - 23% - 20% - 9:36
4 - 15% - 10% - 6:22
Normal Defense
1 - 40% - 40% - 16:56
2 - 34% - 30% - 14:15
3 - 25% - 20% - 10:30
4 - 1% - 10% - 0:25
PP Forward
1 - 56% - 60% - 4:30
2 - 44% - 40% - 3:29
PP Defense
1 - 58% - 60% - 4:39
2 - 42% - 40% - 3:20
PK Forward
1 - 83% - 60% - 8:16
2 - 17% - 40% - 1:39
PK Defense
1 - 63% - 60% - 6:14
2 - 37% - 40% - 3:41
PK3 Forward
1 - 0% - 60%
2 - 0% - 40%
PK3 Defense
1 - 0% - 60%
2 - 0% - 40%
44 Forward
1 - 0% - 60%
2 - 0% - 40%
44 Defense
1 - 0% - 60%
2 - 0% - 40%
Last Minute Offensive - 0:00
Last Minute Defensive - 0:00
Total
Forward - 60:00
Defense - 60:00
|
Play by Play
1st period
0:01 of 1st period - Vincent Trocheck wins face-off versus Jonathan Matsumoto in neutral zone.
0:25 of 1st period - Mattias Ekholm is hit by Cédric Lalonde-McNicoll and loses puck.
1:53 of 1st period - Snap shot by Mark Mancari.
1:53 of 1st period - Deflect By Vojtech Polak.
1:53 of 1st period - Shot Blocked by Pasi Salonen.
1:53 of 1st period - Puck is out of play.
1:54 of 1st period - Vincent Trocheck wins face-off versus Max Reinhart in Remparts zone.
2:19 of 1st period - Kyle Quincey is hit by Jonathan Matsumoto and loses puck.
2:42 of 1st period - Backhand shot by Petr Straka.
2:42 of 1st period - Deflect By Guillaume Desbiens.
2:42 of 1st period - Shot Misses the Net.
2:42 of 1st period - Puck is out of play.
2:43 of 1st period - Ville Leino wins face-off versus Cédric Lalonde-McNicoll in Sewer Rats zone.
3:10 of 1st period - John Ramage is hit by Jonathan Matsumoto and loses puck.
3:17 of 1st period - Brandon Gormley is hit by Vojtech Polak and loses puck.
3:21 of 1st period - Icing by Daniel Paille.
3:22 of 1st period - William Karlsson wins face-off versus Jonathan Matsumoto in Remparts zone.
3:29 of 1st period - Snap shot by Derek Dorsett.
3:29 of 1st period - Stopped by Keith Kinkaid with a rebound.
3:54 of 1st period - Jarred Tinordi is hit by Jonathan Cheechoo.
4:12 of 1st period - Snap shot by Pasi Salonen.
4:12 of 1st period - Shot Blocked by Mattias Ekholm.
4:14 of 1st period - Slapshot by Cédric Lalonde-McNicoll.
4:14 of 1st period - Stopped by Brad Thiessen without a rebound.
4:15 of 1st period - Chris Mueller wins face-off versus Evan Brophey in Sewer Rats zone.
4:45 of 1st period - Off-side.
4:46 of 1st period - Jonathan Matsumoto wins face-off versus Vincent Trocheck in neutral zone.
4:49 of 1st period - Snap shot by Jonathan Matsumoto.
4:49 of 1st period - Stopped by Brad Thiessen with a rebound.
5:09 of 1st period - Vincent Trocheck is hit by Jonathan Matsumoto and loses puck.
5:17 of 1st period - Icing by Jonathan Matsumoto.
5:18 of 1st period - Jonathan Matsumoto wins face-off versus Jonathan Marchessault in Remparts zone.
5:43 of 1st period - Snap shot by Jonathan Matsumoto.
5:43 of 1st period - Stopped by Brad Thiessen without a rebound.
5:44 of 1st period - Cédric Lalonde-McNicoll wins face-off versus William Karlsson in Sewer Rats zone.
6:11 of 1st period - Icing by Erik Gudbranson.
6:12 of 1st period - Max Reinhart wins face-off versus Vincent Trocheck in Remparts zone.
6:20 of 1st period - Minor Penalty to Kyle Quincey for Interference.
6:21 of 1st period - Ville Leino wins face-off versus Jonathan Matsumoto in Sewer Rats zone.
6:36 of 1st period - Snap shot by Jonathan Matsumoto.
6:36 of 1st period - Stopped by Brad Thiessen with a rebound.
7:07 of 1st period - Icing by Daniel Paille.
7:08 of 1st period - Jonathan Matsumoto wins face-off versus Ville Leino in Remparts zone.
7:19 of 1st period - Slapshot by Jonathan Matsumoto.
7:19 of 1st period - Shot Misses the Net.
8:20 of 1st period - Penalty to Kyle Quincey is over, Kyle Quincey is back on ice.
8:36 of 1st period - Matt Lashoff is hit by Rico Fata and loses puck.
10:02 of 1st period - Snap shot by Vojtech Polak.
10:02 of 1st period - Goal by Vojtech Polak - Sewer Rats : 1 - Remparts : 0.
10:03 of 1st period - Cédric Lalonde-McNicoll wins face-off versus Vincent Trocheck in neutral zone.
10:06 of 1st period - Snap shot by Guillaume Desbiens.
10:06 of 1st period - Shot Blocked by Jarred Tinordi.
10:08 of 1st period - Wrist shot by Cédric Lalonde-McNicoll.
10:08 of 1st period - Shot Blocked by Kyle Quincey.
10:14 of 1st period - Wrist shot by Cédric Lalonde-McNicoll.
10:14 of 1st period - Shot Misses the Net.
10:18 of 1st period - Snap shot by Guillaume Desbiens.
10:18 of 1st period - Shot Misses the Net.
10:45 of 1st period - Snap shot by Ville Leino.
10:45 of 1st period - Stopped by Keith Kinkaid with a rebound.
11:25 of 1st period - Wrist shot by Rico Fata.
11:25 of 1st period - Stopped by Brad Thiessen without a rebound.
11:26 of 1st period - Jonathan Marchessault wins face-off versus Jonathan Matsumoto in Sewer Rats zone.
11:35 of 1st period - Slapshot by Mark Mancari.
11:35 of 1st period - Stopped by Keith Kinkaid with a rebound.
11:57 of 1st period - Wrist shot by Pasi Salonen.
11:57 of 1st period - Shot Misses the Net.
12:35 of 1st period - Snap shot by Mark Mancari.
12:35 of 1st period - Stopped by Keith Kinkaid without a rebound.
12:36 of 1st period - Jonathan Marchessault wins face-off versus Jonathan Matsumoto in Remparts zone.
13:01 of 1st period - Keith Ballard is hit by Jarred Tinordi and loses puck.
13:18 of 1st period - Backhand shot by Mark Mancari.
13:18 of 1st period - Stopped by Keith Kinkaid with a rebound.
13:38 of 1st period - Snap shot by Johannes Salmonsson.
13:38 of 1st period - Shot Misses the Net.
13:52 of 1st period - Jonathan Matsumoto is hit by Jared Boll and loses puck.
13:57 of 1st period - Slapshot by Ville Leino.
13:57 of 1st period - Shot Misses the Net.
14:12 of 1st period - Icing by Jonathan Matsumoto.
14:13 of 1st period - Cédric Lalonde-McNicoll wins face-off versus William Karlsson in Remparts zone.
14:18 of 1st period - Snap shot by Guillaume Desbiens.
14:18 of 1st period - Shot Blocked by Mattias Ekholm.
14:21 of 1st period - Icing by Matt Lashoff.
14:22 of 1st period - Jonathan Matsumoto wins face-off versus William Karlsson in Sewer Rats zone.
15:31 of 1st period - Erik Gudbranson is hit by Jared Boll and loses puck.
15:46 of 1st period - Minor Penalty to Dale Weise for Interference.
15:47 of 1st period - Cédric Lalonde-McNicoll wins face-off versus Vincent Trocheck in Remparts zone.
16:30 of 1st period - Slapshot by Jared Boll.
16:30 of 1st period - Shot Misses the Net.
17:46 of 1st period - Penalty to Dale Weise is over, Dale Weise is back on ice.
17:50 of 1st period - Wrist shot by Derek Dorsett.
17:50 of 1st period - Shot Blocked by Pasi Salonen.
18:12 of 1st period - Kyle Quincey is hit by Jonathan Matsumoto and loses puck.
18:49 of 1st period - Guillaume Desbiens is hit by Ville Leino and loses puck.
19:19 of 1st period - Icing by William Colbert.
19:20 of 1st period - William Karlsson wins face-off versus Dale Weise in Remparts zone.
Goals for this period are 1 for Sewer Rats vs 0 for Remparts.
Shots for this period are 6 for Sewer Rats vs 5 for Remparts.
2nd period
0:01 of 2nd period - Vincent Trocheck wins face-off versus Jonathan Matsumoto in neutral zone.
0:14 of 2nd period - Wrist shot by Ville Leino.
0:14 of 2nd period - Shot Misses the Net.
0:58 of 2nd period - Snap shot by Daniel Carr.
0:58 of 2nd period - Shot Blocked by Janne Niskala.
2:13 of 2nd period - Minor Penalty to Daniel Carr for Roughing.
2:14 of 2nd period - Jonathan Matsumoto wins face-off versus Ville Leino in Sewer Rats zone.
2:16 of 2nd period - Snap shot by Jonathan Matsumoto.
2:16 of 2nd period - Shot Misses the Net.
4:10 of 2nd period - Mark Mancari is hit by Erik Gudbranson and loses puck.
4:13 of 2nd period - Penalty to Daniel Carr is over, Daniel Carr is back on ice.
4:23 of 2nd period - Snap shot by Mark Mancari.
4:23 of 2nd period - Stopped by Keith Kinkaid without a rebound.
4:24 of 2nd period - Chris Mueller wins face-off versus William Karlsson in Remparts zone.
4:24 of 2nd period - Chris Mueller is hit by Patrick Bordeleau.
4:32 of 2nd period - Snap shot by Chris Mueller.
4:32 of 2nd period - Shot Misses the Net.
4:34 of 2nd period - Slapshot by Janne Niskala.
4:34 of 2nd period - Stopped by Brad Thiessen with a rebound.
4:36 of 2nd period - Slapshot by William Colbert.
4:36 of 2nd period - Stopped by Brad Thiessen without a rebound.
4:37 of 2nd period - Patrick Bordeleau wins face-off versus Cédric Lalonde-McNicoll in Sewer Rats zone.
4:46 of 2nd period - Snap shot by Steven Kampfer.
4:46 of 2nd period - Shot Blocked by Guillaume Desbiens.
4:48 of 2nd period - Snap shot by William Karlsson.
4:48 of 2nd period - Shot Misses the Net.
4:50 of 2nd period - Snap shot by Patrick Bordeleau.
4:50 of 2nd period - Stopped by Keith Kinkaid without a rebound.
4:51 of 2nd period - Jonathan Matsumoto wins face-off versus Evan Brophey in Remparts zone.
5:17 of 2nd period - Pasi Salonen is hit by Jarred Tinordi and loses puck.
5:26 of 2nd period - Wrist shot by Guillaume Desbiens.
5:26 of 2nd period - Goal by Guillaume Desbiens - Sewer Rats : 1 - Remparts : 1.
5:27 of 2nd period - Vincent Trocheck wins face-off versus Petr Straka in neutral zone.
5:41 of 2nd period - Minor Penalty to Jonathan Matsumoto for Hooking.
5:42 of 2nd period - Vincent Trocheck wins face-off versus Cédric Lalonde-McNicoll in Remparts zone.
5:52 of 2nd period - Wrist shot by Ville Leino.
5:52 of 2nd period - Deflect By Daniel Paille.
5:52 of 2nd period - Shot Misses the Net.
5:52 of 2nd period - Puck is out of play.
5:53 of 2nd period - Cédric Lalonde-McNicoll wins face-off versus Vincent Trocheck in Remparts zone.
6:26 of 2nd period - Snap shot by Keith Ballard.
6:26 of 2nd period - Stopped by Brad Thiessen with a rebound.
6:28 of 2nd period - Slapshot by Max Reinhart.
6:28 of 2nd period - Shot Blocked by Kyle Quincey.
7:41 of 2nd period - Penalty to Jonathan Matsumoto is over, Jonathan Matsumoto is back on ice.
7:58 of 2nd period - Max Reinhart is hit by Kyle Quincey and loses puck.
8:05 of 2nd period - Snap shot by Daniel Carr.
8:05 of 2nd period - Shot Blocked by Max Reinhart.
8:07 of 2nd period - Snap shot by Evan Brophey.
8:07 of 2nd period - Stopped by Keith Kinkaid with a rebound.
8:41 of 2nd period - Backhand shot by Johannes Salmonsson.
8:41 of 2nd period - Stopped by Brad Thiessen with a rebound.
9:10 of 2nd period - Daniel Carr is hit by William Colbert and loses puck.
9:24 of 2nd period - Minor Penalty to Dmitrij Jaskin for Kneeing.
9:25 of 2nd period - Jonathan Matsumoto wins face-off versus Ville Leino in Sewer Rats zone.
9:27 of 2nd period - Snap shot by Jonathan Matsumoto.
9:27 of 2nd period - Goal by Jonathan Matsumoto - Sewer Rats : 1 - Remparts : 2.
9:28 of 2nd period - Vincent Trocheck wins face-off versus Jonathan Matsumoto in neutral zone.
9:31 of 2nd period - Jonathan Matsumoto is hit by Jared Boll and loses puck.
10:02 of 2nd period - Slapshot by Guillaume Desbiens.
10:02 of 2nd period - Stopped by Brad Thiessen with a rebound.
10:24 of 2nd period - Slapshot by Matt Lashoff.
10:24 of 2nd period - Shot Misses the Net.
10:36 of 2nd period - Snap shot by Matt Lashoff.
10:36 of 2nd period - Deflect By Daniel Carr.
10:36 of 2nd period - Stopped by Keith Kinkaid without a rebound.
10:37 of 2nd period - Jonathan Matsumoto wins face-off versus Vincent Trocheck in Remparts zone.
10:39 of 2nd period - Minor Penalty to Keith Ballard for Hooking.
10:40 of 2nd period - Cédric Lalonde-McNicoll wins face-off versus Vincent Trocheck in Remparts zone.
10:54 of 2nd period - Snap shot by Ville Leino.
10:54 of 2nd period - Shot Misses the Net.
10:56 of 2nd period - Slapshot by Vincent Trocheck.
10:56 of 2nd period - Shot Blocked by Brandon Gormley.
11:14 of 2nd period - Erik Gudbranson is hit by Vojtech Polak and loses puck.
12:39 of 2nd period - Penalty to Keith Ballard is over, Keith Ballard is back on ice.
12:42 of 2nd period - Off-side.
12:43 of 2nd period - William Karlsson wins face-off versus Max Reinhart in neutral zone.
12:46 of 2nd period - Erik Gudbranson is hit by Patrick Bordeleau and loses puck.
12:59 of 2nd period - Snap shot by William Karlsson.
12:59 of 2nd period - Stopped by Keith Kinkaid with a rebound.
13:10 of 2nd period - Icing by Kyle Quincey.
13:11 of 2nd period - Jonathan Matsumoto wins face-off versus Dmitrij Jaskin in Sewer Rats zone.
13:18 of 2nd period - Snap shot by Jonathan Matsumoto.
13:18 of 2nd period - Deflect By Petr Straka.
13:18 of 2nd period - Stopped by Brad Thiessen without a rebound.
13:19 of 2nd period - Jonathan Matsumoto wins face-off versus Vincent Trocheck in Sewer Rats zone.
13:20 of 2nd period - Wrist shot by Daniel Paille.
13:20 of 2nd period - Deflect By Jonathan Matsumoto.
13:20 of 2nd period - Stopped by Brad Thiessen without a rebound.
13:21 of 2nd period - Vincent Trocheck wins face-off versus Jonathan Matsumoto in Sewer Rats zone.
13:21 of 2nd period - Vincent Trocheck is hit by Brandon Gormley.
13:34 of 2nd period - Snap shot by Jared Boll.
13:34 of 2nd period - Shot Blocked by Brandon Gormley.
13:36 of 2nd period - Snap shot by Jared Boll.
13:36 of 2nd period - Stopped by Keith Kinkaid with a rebound.
13:42 of 2nd period - Minor Penalty to Daniel Paille for Hooking.
13:43 of 2nd period - Vincent Trocheck wins face-off versus Cédric Lalonde-McNicoll in Remparts zone.
13:46 of 2nd period - Wrist shot by Ville Leino.
13:46 of 2nd period - Shot Misses the Net.
13:48 of 2nd period - Slapshot by Steven Kampfer.
13:48 of 2nd period - Stopped by Keith Kinkaid without a rebound.
13:49 of 2nd period - Mark Mancari wins face-off versus Cédric Lalonde-McNicoll in Remparts zone.
13:52 of 2nd period - Wrist shot by Mark Mancari.
13:52 of 2nd period - Shot Misses the Net.
13:54 of 2nd period - Slapshot by Steven Kampfer.
13:54 of 2nd period - Shot Misses the Net.
13:56 of 2nd period - Snap shot by Mark Mancari.
13:56 of 2nd period - Stopped by Keith Kinkaid with a rebound.
13:58 of 2nd period - Snap shot by Steven Kampfer.
13:58 of 2nd period - Shot Blocked by Jonathan Cheechoo.
15:42 of 2nd period - Penalty to Daniel Paille is over, Daniel Paille is back on ice.
15:48 of 2nd period - Slapshot by Ryan Murphy.
15:48 of 2nd period - Shot Blocked by William Colbert.
15:50 of 2nd period - Snap shot by Patrick Bordeleau.
15:50 of 2nd period - Shot Misses the Net.
15:52 of 2nd period - Snap shot by Derek Dorsett.
15:52 of 2nd period - Shot Blocked by Pasi Salonen.
15:54 of 2nd period - Snap shot by William Karlsson.
15:54 of 2nd period - Shot Blocked by Pasi Salonen.
15:56 of 2nd period - Snap shot by William Karlsson.
15:56 of 2nd period - Stopped by Keith Kinkaid without a rebound.
15:57 of 2nd period - Jonathan Matsumoto wins face-off versus Evan Brophey in Remparts zone.
16:12 of 2nd period - Slapshot by Daniel Carr.
16:12 of 2nd period - Stopped by Keith Kinkaid with a rebound.
16:39 of 2nd period - Snap shot by Mark Mancari.
16:39 of 2nd period - Shot Misses the Net.
16:45 of 2nd period - Jonathan Cheechoo is hit by Mark Mancari and loses puck.
17:04 of 2nd period - Wrist shot by Ville Leino.
17:04 of 2nd period - Shot Blocked by William Colbert.
17:06 of 2nd period - Slapshot by Joel Edmundson.
17:06 of 2nd period - Shot Blocked by Guillaume Desbiens.
17:40 of 2nd period - Slapshot by Janne Niskala.
17:40 of 2nd period - Shot Blocked by Mattias Ekholm.
17:42 of 2nd period - Slapshot by Jonathan Matsumoto.
17:42 of 2nd period - Shot Misses the Net.
17:44 of 2nd period - Snap shot by Petr Straka.
17:44 of 2nd period - Stopped by Brad Thiessen without a rebound.
17:45 of 2nd period - Jonathan Matsumoto wins face-off versus Vincent Trocheck in Sewer Rats zone.
17:48 of 2nd period - Slapshot by Jonathan Matsumoto.
17:48 of 2nd period - Stopped by Brad Thiessen without a rebound.
17:49 of 2nd period - Jonathan Matsumoto wins face-off versus Vincent Trocheck in Sewer Rats zone.
18:02 of 2nd period - Slapshot by Daniel Paille.
18:02 of 2nd period - Stopped by Brad Thiessen with a rebound.
18:04 of 2nd period - Snap shot by Erik Gudbranson.
18:04 of 2nd period - Stopped by Brad Thiessen with a rebound.
18:17 of 2nd period - Off-side.
18:18 of 2nd period - Jonathan Marchessault wins face-off versus Max Reinhart in neutral zone.
18:27 of 2nd period - Wrist shot by Ty Wishart.
18:27 of 2nd period - Shot Blocked by Matt Lashoff.
18:34 of 2nd period - Minor Penalty to Jonathan Marchessault for Tripping.
18:35 of 2nd period - Ville Leino wins face-off versus Daniel Paille in Sewer Rats zone.
18:48 of 2nd period - Slapshot by Jonathan Matsumoto.
18:48 of 2nd period - Shot Misses the Net.
19:22 of 2nd period - Kyle Quincey is hit by Pasi Salonen and loses puck.
19:35 of 2nd period - Slapshot by Kyle Quincey.
19:35 of 2nd period - Shot Misses the Net.
Goals for this period are 0 for Sewer Rats vs 2 for Remparts.
Shots for this period are 10 for Sewer Rats vs 13 for Remparts.
3rd period
0:01 of 3rd period - Petr Straka wins face-off versus Ville Leino in neutral zone.
0:29 of 3rd period - Off-side.
0:30 of 3rd period - Jared Boll wins face-off versus Daniel Paille in neutral zone.
0:34 of 3rd period - Penalty to Jonathan Marchessault is over, Jonathan Marchessault is back on ice.
1:11 of 3rd period - Snap shot by Vojtech Polak.
1:11 of 3rd period - Goal by Vojtech Polak - Sewer Rats : 2 - Remparts : 2.
1:12 of 3rd period - William Karlsson wins face-off versus Jonathan Matsumoto in neutral zone.
1:20 of 3rd period - Off-side.
1:21 of 3rd period - Jonathan Matsumoto wins face-off versus William Karlsson in neutral zone.
2:43 of 3rd period - Steven Kampfer is hit by Daniel Paille and loses puck.
2:52 of 3rd period - Wrist shot by Daniel Paille.
2:52 of 3rd period - Shot Misses the Net.
3:59 of 3rd period - Wrist shot by Patrick Bordeleau.
3:59 of 3rd period - Shot Blocked by Erik Gudbranson.
4:01 of 3rd period - Snap shot by John Ramage.
4:01 of 3rd period - Stopped by Keith Kinkaid with a rebound.
4:10 of 3rd period - Off-side.
4:11 of 3rd period - Vincent Trocheck wins face-off versus Pasi Salonen in neutral zone.
4:18 of 3rd period - Brandon Gormley is hit by Vincent Trocheck and loses puck.
4:27 of 3rd period - Snap shot by Ville Leino.
4:27 of 3rd period - Goal by Ville Leino - Sewer Rats : 3 - Remparts : 2.
4:28 of 3rd period - Cédric Lalonde-McNicoll wins face-off versus Vincent Trocheck in neutral zone.
5:24 of 3rd period - Snap shot by William Colbert.
5:24 of 3rd period - Deflect By Chris Mueller.
5:24 of 3rd period - Shot Misses the Net.
5:24 of 3rd period - Puck is out of play.
5:25 of 3rd period - Cédric Lalonde-McNicoll wins face-off versus Vincent Trocheck in Sewer Rats zone.
5:25 of 3rd period - Cédric Lalonde-McNicoll is hit by Jared Boll.
5:29 of 3rd period - Wrist shot by Pasi Salonen.
5:29 of 3rd period - Shot Misses the Net.
5:35 of 3rd period - Snap shot by Guillaume Desbiens.
5:35 of 3rd period - Shot Misses the Net.
5:37 of 3rd period - Snap shot by Guillaume Desbiens.
5:37 of 3rd period - Shot Blocked by Jared Boll.
5:39 of 3rd period - Wrist shot by Pasi Salonen.
5:39 of 3rd period - Shot Misses the Net.
5:47 of 3rd period - Janne Niskala is hit by Vincent Trocheck and loses puck.
6:04 of 3rd period - Off-side.
6:05 of 3rd period - Max Reinhart wins face-off versus Jonathan Marchessault in neutral zone.
6:35 of 3rd period - Off-side.
6:36 of 3rd period - Vincent Trocheck wins face-off versus Cédric Lalonde-McNicoll in neutral zone.
6:39 of 3rd period - Slapshot by Ville Leino.
6:39 of 3rd period - Stopped by Keith Kinkaid without a rebound.
6:40 of 3rd period - Vincent Trocheck wins face-off versus Cédric Lalonde-McNicoll in Remparts zone.
6:41 of 3rd period - Snap shot by Ville Leino.
6:41 of 3rd period - Shot Blocked by Erik Gudbranson.
6:43 of 3rd period - Slapshot by Jared Boll.
6:43 of 3rd period - Goal by Jared Boll - Sewer Rats : 4 - Remparts : 2.
6:44 of 3rd period - Jonathan Matsumoto wins face-off versus Vincent Trocheck in neutral zone.
6:53 of 3rd period - Mattias Ekholm is hit by Erik Gudbranson and loses puck.
7:16 of 3rd period - Snap shot by Daniel Carr.
7:16 of 3rd period - Shot Misses the Net.
7:18 of 3rd period - Slapshot by Jarred Tinordi.
7:18 of 3rd period - Shot Blocked by Keith Ballard.
7:20 of 3rd period - Wrist shot by Daniel Carr.
7:20 of 3rd period - Shot Misses the Net.
7:22 of 3rd period - Slapshot by Jarred Tinordi.
7:22 of 3rd period - Stopped by Keith Kinkaid without a rebound.
7:23 of 3rd period - Vincent Trocheck wins face-off versus Cédric Lalonde-McNicoll in Remparts zone.
7:27 of 3rd period - Minor Penalty to Mattias Ekholm for Hooking.
7:28 of 3rd period - Jonathan Matsumoto wins face-off versus Ville Leino in Sewer Rats zone.
7:29 of 3rd period - Wrist shot by Daniel Paille.
7:29 of 3rd period - Deflect By Petr Straka.
7:29 of 3rd period - Stopped by Brad Thiessen without a rebound.
7:30 of 3rd period - Petr Straka wins face-off versus Ville Leino in Sewer Rats zone.
7:55 of 3rd period - Matt Lashoff is hit by Erik Gudbranson and loses puck.
9:27 of 3rd period - Penalty to Mattias Ekholm is over, Mattias Ekholm is back on ice.
9:54 of 3rd period - Slapshot by Janne Niskala.
9:54 of 3rd period - Deflect By Matt Lashoff.
9:54 of 3rd period - Stopped by Brad Thiessen with a rebound.
9:56 of 3rd period - Wrist shot by Chris Mueller.
9:56 of 3rd period - Shot Misses the Net.
9:58 of 3rd period - Snap shot by Johannes Salmonsson.
9:58 of 3rd period - Stopped by Brad Thiessen with a rebound.
10:00 of 3rd period - Slapshot by William Colbert.
10:00 of 3rd period - Shot Misses the Net.
10:02 of 3rd period - Slapshot by William Colbert.
10:02 of 3rd period - Shot Misses the Net.
10:47 of 3rd period - Icing by Jared Boll.
10:48 of 3rd period - Chris Mueller wins face-off versus Vincent Trocheck in Sewer Rats zone.
11:25 of 3rd period - Off-side.
11:26 of 3rd period - Jonathan Matsumoto wins face-off versus Derek Dorsett in neutral zone.
11:41 of 3rd period - Petr Straka is hit by William Karlsson and loses puck.
11:54 of 3rd period - Slapshot by Guillaume Desbiens.
11:54 of 3rd period - Stopped by Brad Thiessen with a rebound.
12:18 of 3rd period - Snap shot by Vojtech Polak.
12:18 of 3rd period - Shot Misses the Net.
12:20 of 3rd period - Wrist shot by Jonathan Marchessault.
12:20 of 3rd period - Stopped by Keith Kinkaid without a rebound.
12:21 of 3rd period - Jonathan Marchessault wins face-off versus Max Reinhart in Remparts zone.
12:33 of 3rd period - Icing by Max Reinhart.
12:34 of 3rd period - Max Reinhart wins face-off versus Vincent Trocheck in Remparts zone.
12:43 of 3rd period - Snap shot by Jared Boll.
12:43 of 3rd period - Stopped by Keith Kinkaid with a rebound.
12:45 of 3rd period - Minor Penalty to Erik Gudbranson for Hooking.
12:46 of 3rd period - Vincent Trocheck wins face-off versus Cédric Lalonde-McNicoll in Remparts zone.
12:57 of 3rd period - Slapshot by Steven Kampfer.
12:57 of 3rd period - Shot Blocked by Daniel Paille.
12:59 of 3rd period - Wrist shot by Ville Leino.
12:59 of 3rd period - Shot Misses the Net.
13:01 of 3rd period - Snap shot by Vincent Trocheck.
13:01 of 3rd period - Shot Blocked by Daniel Paille.
14:37 of 3rd period - Cédric Lalonde-McNicoll is hit by Vincent Trocheck and loses puck.
14:45 of 3rd period - Penalty to Erik Gudbranson is over, Erik Gudbranson is back on ice.
14:45 of 3rd period - Icing by Keith Ballard.
14:46 of 3rd period - Vojtech Polak wins face-off versus Cédric Lalonde-McNicoll in Remparts zone.
14:50 of 3rd period - Slapshot by Joel Edmundson.
14:50 of 3rd period - Stopped by Keith Kinkaid without a rebound.
14:51 of 3rd period - William Karlsson wins face-off versus Max Reinhart in Remparts zone.
14:54 of 3rd period - Snap shot by Derek Dorsett.
14:54 of 3rd period - Stopped by Keith Kinkaid with a rebound.
15:04 of 3rd period - Snap shot by Max Reinhart.
15:04 of 3rd period - Stopped by Brad Thiessen with a rebound.
15:37 of 3rd period - Janne Niskala is hit by Matt Lashoff and loses puck.
16:13 of 3rd period - Slapshot by Mattias Ekholm.
16:13 of 3rd period - Stopped by Keith Kinkaid with a rebound.
16:32 of 3rd period - Wrist shot by Vojtech Polak.
16:32 of 3rd period - Stopped by Keith Kinkaid with a rebound.
16:34 of 3rd period - Snap shot by Mark Mancari.
16:34 of 3rd period - Goal by Mark Mancari - Sewer Rats : 5 - Remparts : 2.
16:35 of 3rd period - Vincent Trocheck wins face-off versus Jonathan Matsumoto in neutral zone.
17:02 of 3rd period - Cédric Lalonde-McNicoll is hit by Mark Mancari and loses puck.
17:41 of 3rd period - Matt Lashoff is hit by Johannes Salmonsson and loses puck.
17:58 of 3rd period - Slapshot by Chris Mueller.
17:58 of 3rd period - Stopped by Brad Thiessen with a rebound.
18:00 of 3rd period - Wrist shot by Daniel Paille.
18:00 of 3rd period - Shot Blocked by Daniel Carr.
18:02 of 3rd period - Slapshot by Janne Niskala.
18:02 of 3rd period - Shot Misses the Net.
18:04 of 3rd period - Backhand shot by Janne Niskala.
18:04 of 3rd period - Stopped by Brad Thiessen with a rebound.
18:06 of 3rd period - Slapshot by Keith Ballard.
18:06 of 3rd period - Stopped by Brad Thiessen without a rebound.
18:07 of 3rd period - Jonathan Marchessault wins face-off versus Jonathan Matsumoto in Sewer Rats zone.
18:18 of 3rd period - Jonathan Marchessault is hit by Petr Straka and loses puck.
18:44 of 3rd period - Snap shot by Jonathan Matsumoto.
18:44 of 3rd period - Shot Misses the Net.
18:56 of 3rd period - Wrist shot by Jonathan Matsumoto.
18:56 of 3rd period - Stopped by Brad Thiessen with a rebound.
19:07 of 3rd period - Off-side.
19:08 of 3rd period - Cédric Lalonde-McNicoll wins face-off versus Vincent Trocheck in neutral zone.
19:11 of 3rd period - Snap shot by Guillaume Desbiens.
19:11 of 3rd period - Stopped by Brad Thiessen with a rebound.
19:38 of 3rd period - Slapshot by Patrick Bordeleau.
19:38 of 3rd period - Shot Misses the Net.
19:40 of 3rd period - Slapshot by Matt Lashoff.
19:40 of 3rd period - Stopped by Keith Kinkaid with a rebound.
19:42 of 3rd period - Slapshot by William Karlsson.
19:42 of 3rd period - Stopped by Keith Kinkaid with a rebound.
Goals for this period are 4 for Sewer Rats vs 0 for Remparts.
Shots for this period are 15 for Sewer Rats vs 10 for Remparts.
Back to the Top